 Dungeon Crawl Stone Soup version 0.31.0-32-g396128a36d (webtiles) character file.

Game seed: 18251074757587052368

2146 Logoto the Chopper (level 9, 0/60 (79) HPs)
             Began as a Hill Orc Fighter on Mar 9, 2024.
             Slain by Jeremiah
             ... wielding a +2 trident of draining
              (1 damage)
             ... on level 6 of the Dungeon on Mar 10, 2024.
             The game lasted 00:19:40 (6653 turns).

Logoto the Chopper (Hill Orc Fighter)               Turns: 6653, Time: 00:19:40

HP:   0/60 (79)     AC:  9    Str: 23    XL:     9   Next: 31%
MP:   0/9           EV: 12    Int:  8    God:
Gold: 266           SH:  5    Dex: 16    Spells: 8/8 levels left

rFire   . . .        y - +0 broad axe (elec)
rCold   . . .        c - +0 buckler
rNeg    + . .        w - +3 ring mail {rN+}
rPois   .            (no helmet)
rElec   .            (no cloak)
rCorr   .            (no gloves)
SInv    +            (no boots)
Will    .....        p - amulet of guardian spirit
Stlth   ++           j - +6 ring of dexterity
HPRegen 0.30/turn    u - ring of see invisible
MPRegen 0.11/turn

%: guardian spirit
@: heavily drained
A: no striking features
a: no special abilities


You were on level 6 of the Dungeon.
You visited 1 branch of the dungeon, and saw 7 of its levels.
You also visited: Sewer.

You collected 266 gold pieces.

Inventory:

Hand Weapons
 a - a +0 war axe
 d - a +2 flail of venom
 y - a +0 broad axe of electrocution (weapon)
Missiles
 n - 13 poisoned darts (quivered)
Armour
 b - a +0 scale mail
 c - a +0 buckler (worn)
 m - the +3 leather armour of a treasure trove {Int+3}
   (You found it on level 2 of the Dungeon)

   Int+3:     It affects your intelligence (+3).
 w - a +3 ring mail of positive energy (worn)
Jewellery
 j - a +6 ring of dexterity (left hand)
 p - an amulet of guardian spirit (around neck)
 u - a ring of see invisible (right hand)
Wands
 r - a wand of iceblast (17)
Scrolls
 e - 7 scrolls of identify {unknown}
 i - a scroll of silence {unknown}
 k - 2 scrolls of enchant weapon {unknown}
 l - 4 scrolls of teleportation {unknown}
 q - a scroll of revelation {unknown}
 x - a scroll of fear {unknown}
Potions
 f - a potion of invisibility {unknown}
 g - 2 potions of degeneration {unknown}
 h - a potion of ambrosia
 o - a potion of attraction {unknown}
 s - a potion of brilliance {unknown}
 t - a potion of mutation {unknown}
 v - a potion of heal wounds {unknown}


   Skills:
 + Level 7.2 Fighting
 + Level 7.6(8.7) Axes
 + Level 5.4(6.8) Maces & Flails
 + Level 0.4 Throwing
 + Level 5.0 Armour
 + Level 3.9 Dodging
 + Level 2.4 Stealth
 + Level 5.2 Shields


You had 8 spell levels left.
You didn't know any spells.
Your spell library contained the following spells:

 Spells                   Type           Power      Damage    Failure   Level
 Magic Dart               Conj           0%         1d3       63%         1
 Shock                    Conj/Air       0%         1d3       63%         1
 Blink                    Tloc           0%         N/A       77%         2
 Call Imp                 Summ           0%         N/A       77%         2
 Cigotuvi's Dreadful Rot  Necr/Alch/Air  0%         N/A       77%         2
 Fugue of the Fallen      Necr           0%         N/A       94%         3
 Ozocubu's Armour         Ice            0%         N/A       94%         3
 Swiftness                Air            0%         N/A       94%         3
 Airstrike                Air            0%         2d(0-16)  100%        4
 Ignite Poison            Fire/Alch      0%         N/A       100%        4
 Manifold Assault         Tloc           0%         N/A       100%        4
 Freezing Cloud           Conj/Ice/Air   0%         6-21      100%        5


Dungeon Overview and Level Annotations

Branches:
Dungeon (7/15)              Sewer (visited)
 Temple: D:4-7

Altars:
Ashenzari
Uskayaw
Zin
Beogh

Shops:
D:1 :

Annotations:
D:4 3 runed translucent doors, Liamsmithers's ghost, amateur OpSh
D:6 Jeremiah


Message History

You barely miss the butterfly. You closely miss the butterfly.
You miss the butterfly.
The butterfly disappears in a burst of colours! x2
You block the wight's attack. Jeremiah misses you.
You slash Jeremiah!
Jeremiah is almost dead.
You miss the butterfly.
The butterfly disappears in a burst of colours!
The wight hits you from afar with a +0 halberd!
You partially resist.
You feel drained.
Jeremiah hops!
The wight hits you with a +0 mace! You partially resist.
You feel drained. The wight attacks as it pursues you! The wight misses you.
Jeremiah barely misses you. The wight attacks as it pursues you!
The wight hits you with a +0 mace!
You miss the butterfly. You slash the butterfly!
Lightning courses through the butterfly!!
You kill the butterfly!
The butterfly disappears in a burst of colours!
You closely miss the butterfly. You hit the wight. You miss the butterfly.
The butterfly disappears in a burst of colours!
Jeremiah hits you from afar with a +2 trident of draining.
You partially resist.
You feel drained. You block the wight's attack.
The wight completely misses you.
A wight comes into view. It is wielding a +0 morningstar.
You barely miss the butterfly. x2; You hit the wight but do no damage.
You closely miss the butterfly.
The butterfly disappears in a burst of colours!
Jeremiah shouts, "O dreadful one, destroy my foe!"
Something smites you!
* * * LOW HITPOINT WARNING * * *
The wight hits you from afar with a +0 halberd!
* * * LOW HITPOINT WARNING * * *
You partially resist.
You feel drained.
* * * LOW HITPOINT WARNING * * *
The wight closely misses you.
Jeremiah hits you from afar with a +2 trident of draining.
* * * LOW HITPOINT WARNING * * *
You partially resist.
You feel drained.
You die...
Jeremiah says, "O terrible one, your will is done."

.....♣♣♣♣♣.~♣♣♣♣♣♣.#.............
.....P♣P♣♣~.~.P~♣♣.............##
.........~.~.~~~~.............##
....#♣P♣~~~÷~P♣~♣♣.........#.##
....#♣♣♣♣♣P÷P♣♣♣♣♣.........#..# #
.......# ♣P~♣♣♣♣bb.#######...## #
......##♣♣P..♣♣.bFb### ##..# #
...##<.#.♣♣)~♣.bbbb..### #.## #
...#.....♣..♣♣zb@...##.# #..# .
..........#.#..z.......####.##
.....###.##z...#######..##..###.#
....#~P....###..## #..........#
....#~♣~....###..#####......###..
.....~♣.#...........#......##
....~♣~♣#....##.....b..##.##
....#.~#......b....b#####..#
....#.......#......bb# #..#


You could see Jeremiah and 3 wights.

Vanquished Creatures
  An unseen horror (D:5)
  Menkaure (D:5)
  Edmund (D:4)
  A water moccasin (D:5)
  Pargi (Sewer)
  An ogre (D:5)
  A centaur (D:6)
  2 phantoms
  A brain worm (Sewer)
  Blork the orc (D:5)
  A scorpion (D:5)
  A vampire bat (D:4)
  2 howler monkeys (D:6)
  3 electric eels (D:6)
  A bombardier beetle (D:4)
  A hound (D:5)
  A jelly (Sewer)
  3 orc priests
  7 orc wizards
  Natasha (D:2)
  A sleepcap (D:4)
  2 iguanas
  4 gnolls
  6 adders
  A shadow imp (D:5)
  2 white imps
  4 ufetubi
  2 dart slugs
  3 fire bats (D:4)
  2 ribbon worms
  15 orcs
  2 spectral bats (D:4)
  9 ball pythons
  3 bat skeletons (D:4)
  A bat zombie (D:4)
  8 endoplasms
  7 giant cockroaches
  15 goblins
  9 hobgoblins
  3 jackals (D:2)
  6 kobolds
  3 quokkas
  15 bats
  A bat simulacrum (D:4)
  2 frilled lizards
  3 rats
161 creatures vanquished.

Vanquished Creatures (others)
  An orc (D:6)
1 creature vanquished.

Grand Total: 162 creatures vanquished

Notes
Turn   | Place    | Note
-------+----------+-------------------------------------------
     0 | D:1      | Logoto the Hill Orc Fighter began the quest for the Orb.
     0 | D:1      | Reached XP level 1. HP: 19/19 MP: 1/1
    28 | D:1      | Reached XP level 2. HP: 26/27 MP: 2/2
   268 | D:1      | Found Zogun's Book Emporium.
   289 | D:1      | Reached XP level 3. HP: 19/33 MP: 3/3
   555 | D:2      | Found a faded altar of an unknown god.
   606 | D:2      | Identified the +3 leather armour of a treasure trove
                  | {Int+3}
  1052 | D:2      | Reached XP level 4. HP: 14/40 MP: 4/4
  1192 | D:3      | Noticed Natasha
  1201 | D:3      | Reached XP level 5. HP: 30/47 MP: 5/5
  1275 | D:2      | Killed Natasha
  1276 | D:2      | Reached skill level 1 in Stealth
  1549 | D:3      | Reached skill level 1 in Dodging
  1831 | D:4      | Found a glowing drain.
  1862 | Sewer    | Entered a sewer
  1873 | Sewer    | Reached skill level 5 in Axes
  1874 | Sewer    | Reached XP level 6. HP: 40/55 MP: 2/6
  1934 | Sewer    | Reached skill level 5 in Fighting
  2014 | Sewer    | Noticed Pargi
  2022 | Sewer    | Killed Pargi
  2204 | D:3      | Reached XP level 7. HP: 17/61 MP: 3/7
  2681 | D:4      | Found a runed translucent gate.
  2681 | D:4      | Found a runed translucent gate.
  2681 | D:4      | Found a runed translucent gate.
  2683 | D:4      | Noticed Liamsmithers's ghost (amateur OpSh)
  2685 | D:4      | Identified the +6 chain mail "Vatal Xef" {Dex+3 Stlth+}
  2738 | D:4      | Found a broken altar of Ashenzari.
  3030 | D:4      | Noticed Edmund
  3044 | D:4      | Killed Edmund
  3401 | D:4      | Found a roughly hewn altar of Beogh.
  3423 | D:5      | Entered Level 5 of the Dungeon
  3435 | D:5      | Reached skill level 1 in Maces & Flails
  3435 | D:5      | Reached XP level 8. HP: 47/70 MP: 5/8
  4104 | D:5      | HP: 1/70 [something (6)]
  4105 | D:5      | Killed an unseen horror
  4435 | D:5      | Noticed Menkaure
  4450 | D:5      | Killed Menkaure
  4451 | D:5      | Reached skill level 5 in Shields
  4660 | D:5      | Noticed Blork the orc
  4671 | D:5      | Killed Blork the orc
  4763 | D:5      | Reached XP level 9. HP: 76/78 MP: 9/9
  5296 | D:6      | Reached skill level 5 in Maces & Flails
  5350 | D:6      | Reached skill level 5 in Armour
  6431 | D:6      | Found a glowing silver altar of Zin.
  6433 | D:6      | Identified the blade talisman of Juptoempis {rC+ Will+
                  | Dex+4 SInv}
  6442 | D:6      | Found a hide-covered altar of Uskayaw.
  6523 | D:6      | Noticed Jeremiah
  6653 | D:6      | HP: 1/62 [Jeremiah/+2 trident of draining (3)]
  6653 | D:6      | Slain by Jeremiah

Illustrated notes

Levels and vault maps discovered:
D:1:      erik_arrival_orb_chamber, layout_rooms, serial_shops,
          nicolae_shop_behind_doors, feat_on_display
D:2:      layout_rooms, hellmonk_ecumenical_altar_pennies_from_heaven
D:3:      layout_rooms, uniq_natasha
D:4:      layout_loops_ring, mainiacjoe_overflow_alcove_2,
          biasface_ghost_orc_armoury, cheibrodos_sewer_entry_drain,
          goddamned_bats, uniq_edmund
D:5:      layout_loops_ring, serial_bayou_lagoon_a, uniq_blork_the_orc,
          uniq_menkaure
D:6:      lemuel_castle_with_subvaults [lemuel_castle_interior_original],
          layout_cave_pools, mainiacjoe_overflow_catwalk_spiral, serial_bayou,
          serial_bayou_lake_a, serial_bayou_crossing, serial_bayou_pond_c,
          serial_bayou_pond_d, uniq_grinder, uniq_jeremiah, uniq_eustachio
D:7:      cheibrodos_quashed, layout_loops_corners,
          pdpol_wu_jian_five_deadly_venoms, minmay_temple_entry_offerings,
          minmay_misc_feat_five, minmay_fire_ice_demons

Skill      XL: |  1  2  3  4  5  6  7  8  9 |
---------------+----------------------------+-----
Fighting       | 4 5 6 7 |  7.2
Axes           | 3 4 5 6 7 |  7.6
Armour         | 4 5 |  5.0
Stealth        | 1 2 |  2.4
Dodging        | 1 2 3 |  3.9
Shields        | 4 5 |  5.2
Maces & Flails | 1 4 5 |  5.4
Throwing       | |  0.4

Action                     |  1- 3 |  4- 6 |  7- 9 || total
---------------------------+-------+-------+-------++-------
  Melee: War axe           |    94 |   145 |    39 ||   278
         Flail             |       |       |   232 ||   232
         Broad axe         |       |       |     9 ||     9
  Throw: Dart              |     2 |       |    11 ||    13
    Use: Potion            |     3 |     1 |     3 ||     7
   Stab: Sleeping          |     1 |     1 |     4 ||     6
 Armour: Scale mail        |    39 |       |       ||    39
         Leather armour    |    32 |   106 |   239 ||   377
         Ring mail         |       |       |    40 ||    40
  Dodge: Dodged            |    49 |   103 |   203 ||   355
  Block: Buckler           |    23 |    40 |    89 ||   152
